[Event "Polish Youth G18 Championship 2023"]
[Site "Jastrzebia Gora"]
[Date "2023.03.13"]
[Round "3.1"]
[White "Mroz, Lena"]
[Black "Starosta, Martyna"]
[Result "0-1"]
[ECO "C88"]
[WhiteElo "1635"]
[BlackElo "2138"]
[Annotator "TA"]
[PlyCount "112"]
[EventDate "2023.03.11"]
[EventType "swiss"]
[EventCountry "POL"]
[SourceTitle "playchess.com"]
[Source "ChessBase"]
[SourceQuality "1"]
[TimeControl "40/5400+30:1800+30"]

1. e4 e5 2. Nf3 Nc6 3. Bb5 a6 4. Ba4 Nf6 5. O-O Be7 6. Re1 b5 7. Bb3 O-O 8. a4 {[%emt 0:00:30] is currently scoring better than 8.c3.} Bb7 9. c3 d5 10. exd5 {[%emt 0:11:48] C88: Closed Ruy Lopez: Anti-Marshall Systems.} Nxd5 11. d4 exd4 12. Nxd4 {[%emt 0:00:22] The position is equal.} Nxd4 13. Qxd4 (13. cxd4 {simplifies} Bb4 14. Bd2 Bxd2 15. Nxd2 bxa4 16. Rxa4 Nb6 17. Ra1) 13... Re8 {[%emt 0:07:43][%cal Oe7c5] [#] ...Bc5! would be deadly.} 14. Rd1 $146 (14. Nd2 $15) ({Predecessor:} 14. Be3 Nxe3 15. Qxe3 Bc5 16. Qxe8+ Qxe8 17. Rxe8+ Rxe8 18. Kf1 Be4 {0-1 Sprenger,M (2190)-Schlegel,I (1960) Zuerich op-A 41st 2017 (5)}) 14... c5 $1 $19 15. Qg4 c4 16. Bc2 Qb6 17. a5 Qc7 (17... Nf6 18. Bxh7+ Kf8 19. axb6 $11) 18. Nd2 (18. Bh6 $17 Qe5 19. Nd2) 18... g6 (18... Nf6 $19 19. Qh4 Bd6) 19. Nf1 (19. Nf3 $17) 19... Bf6 ({Black should try} 19... Bc5 $19 20. b4 Ba7 21. Rxd5 Bxd5) 20. Bg5 $2 (20. Qf3 $1 $15 Qe5 21. Bd2) 20... Bxg5 21. Qxg5 Nf4 22. Qg4 Bxg2 (22... Nxg2 $19 {And now ...Nf4 would win.} 23. Ng3 Nf4) 23. Ne3 $2 (23. Rd4 $17 {is the only way for White.} Bxf1 24. Qxf4 Qxf4 25. Rxf4) 23... Bc6 24. Rd2 (24. Kf1 $142) 24... Qe5 25. Rad1 Kh8 26. Qg3 {[%emt 0:01:08] [#]} Rad8 $3 {[%emt 0:02:02][%mdl 576] Deflection} 27. Kf1 {[%emt 0:00:34] White is weak on the light squares} Rxd2 28. Rxd2 Qf6 {[%emt 0:02:43] Black is more active.} 29. Kg1 $2 (29. Rd4 $17 {was worth a try.} Nh5 30. Qh4) 29... Nh5 (29... b4 $142 30. Bd1 bxc3 31. bxc3 Nd3) 30. Qh3 (30. Qg4 {was forced.}) 30... Kg8 (30... Qg5+ $142 31. Kf1 f5) 31. Bd1 (31. Kf1 $142) 31... Nf4 32. Qg3 Nd3 33. Be2 Ba8 ({Black should play} 33... Qd8 $19 34. h4 Qxa5 35. Bxd3 cxd3 36. Rxd3 Qa1+ 37. Nf1 Qxb2) 34. Bxd3 $17 {[%emt 0:00:29] Strongly threatening Bf1.} cxd3 35. Rxd3 {[%emt 0:00:33] [#]} Qf5 $3 $40 {[%emt 0:02:01][%mdl 640] Black wants a kill.} 36. Rd1 Qe4 37. Kf1 (37. Qg2 $142) 37... f5 (37... b4 $17 {aiming for ...h5.} 38. c4 Kg7) 38. f4 $2 Bc6 ({Don't do} 38... Qxe3 39. Qxe3 Rxe3 40. Rd8+ Kg7 41. Rxa8 $14) 39. Kf2 Kf7 (39... b4 $19 {is more deadly.} 40. c4 b3) 40. Rd6 $2 {[#]} (40. b4 $17) 40... Re6 $2 ({Better is} 40... b4 $1 $19 {Threatens to win with ...bxc3.} 41. c4 b3) 41. Rd2 $2 {[%emt 0:04:22] [#]} (41. Rxe6 $11 Kxe6 42. Nf1) 41... g5 $2 42. Qh3 (42. Rd4 $11 Qb1 43. Qh3 Qxb2+ 44. Kf1 Qc1+ 45. Rd1 Qxc3 46. Qxh7+ Qg7 47. Qxg7+ (47. Qxf5+ Rf6 $17 {[%mdl 64] Skewer, Deflection}) 47... Kxg7 48. Nxf5+ Kg6 49. Nd4) 42... Qxf4+ $19 43. Ke2 Kg6 44. Rd8 h6 45. Rd4 Qe5 46. Kd2 f4 47. Nc2 Qe2+ 48. Kc1 Bg2 {[%emt 0:01:57] Black is clearly winning.} 49. Qd3+ Qxd3 50. Rxd3 {[%emt 0:00:06][%mdl 4096] Endgame KRB-KRN} Be4 51. Rd2 Bxc2 52. Rxc2 f3 {[%emt 0:00:17] ( -> ...Re1+)} 53. Rf2 g4 54. b3 Kg5 {[%emt 0:00:18] ...Kf4 is the strong threat.} 55. c4 bxc4 56. bxc4 Kf4 {[%emt 0:00:26] A fantastic game!   Weighted Error Value: White=1.00/Black=0.60} 0-1

[Event "Polish Youth G18 Championship 2023"]
[Site "Jastrzebia Gora"]
[Date "2023.03.13"]
[Round "3.2"]
[White "Jedrzejko, Martyna"]
[Black "Zabrzanska, Weronika"]
[Result "1/2-1/2"]
[ECO "C54"]
[WhiteElo "1629"]
[BlackElo "2021"]
[Annotator "TA"]
[PlyCount "71"]
[EventDate "2023.03.11"]
[EventType "swiss"]
[EventCountry "POL"]
[SourceTitle "playchess.com"]
[Source "ChessBase"]
[SourceQuality "1"]
[TimeControl "40/5400+30:1800+30"]

1. e4 e5 2. Nf3 Nc6 3. Bc4 Bc5 4. c3 Nf6 5. d3 O-O 6. O-O d5 7. exd5 Nxd5 8. a4 {[%emt 0:02:06] C54: Giuoco Piano: 4 c3 Nf6, main lines with 5 d4 and 5 d3.} a5 9. Nbd2 Nb6 10. Bb5 Bg4 11. Ne4 Bd6 {[%emt 0:05:47] [#]} 12. Bxc6 $146 (12. Be3 $14) ({Predecessor:} 12. h3 Bh5 13. Re1 Na7 14. d4 exd4 15. Nxd6 Qxd6 16. Qxd4 Nxb5 17. axb5 Qxd4 18. Nxd4 {½-½ Esipenko,A (2720)-Alekseenko,K (2710) RUS-ch 74th Ufa 2021 (9)}) 12... bxc6 $11 13. Re1 f5 14. Ng3 Qd7 15. Qb3+ Kh8 16. Nxe5 Bxe5 17. Rxe5 f4 18. Ne4 {[%emt 0:03:13] f3 is the strong threat.} Qxd3 {[%emt 0:09:28] aiming for ...Nd7.} 19. f3 $1 {[%emt 0:06:42] [#]} Bxf3 $1 {[%emt 0:13:35][%mdl 64] Demolition} 20. gxf3 Qxf3 21. Qc2 {[%emt 0:02:12] [#] Repels Qe2} (21. Ng5 $2 Qg4+ 22. Kh1 (22. Kf1 $2 Rad8 $19) 22... h6 $19) (21. Bd2 $1 $11) 21... Rae8 ({Black should play} 21... Nd7 $1 $17 22. Ng5 Qh5 23. Qxh7+ (23. Qe2 $2 f3 $19) 23... Qxh7 24. Nxh7 Nxe5 25. Nxf8 Rxf8) 22. Ng5 Qg4+ (22... Qh5 $11 23. Qxh7+ (23. Rxa5 $2 Re1+ {[%mdl 64] Deflection} 24. Kf2 Qxh2+ 25. Kxe1 Qxc2 $19) 23... Qxh7 24. Nxh7 Kxh7 25. Rxe8 (25. Rxa5 $2 f3 $19) 25... Rxe8) 23. Kh1 $16 g6 24. h3 (24. Rxa5 $2 Re1#) 24... Qg3 25. Qe4 {[%emt 0:04:22] [#]} (25. Rxa5 $2 Re1#) (25. Qe2 $18 Rd8 26. Qg4 {[%mdl 64] Decoy} (26. Rxa5 f3 $11)) 25... f3 $1 $15 {[%emt 0:01:59][%mdl 64] Deflection} 26. Nxf3 Qxh3+ 27. Kg1 Qg3+ (27... Rxe5 28. Qxe5+ Kg8 29. Nh2 $16 (29. Qxc7 Qg4+ 30. Kh2 Rxf3)) (27... Rd8 $5 28. Be3 (28. Bg5 $2 Rxf3 29. Re8+ Rxe8 $19) 28... Nc4 $17) 28. Kh1 {[%emt 0:00:13] The position is equal.} Rd8 (28... Qxf3+ $2 29. Qxf3 Rxf3 30. Rxe8+ $18) ({Reject} 28... Qh3+ 29. Kg1 Rd8 30. Be3 (30. Bg5 $2 Rxf3 31. Re8+ Rxe8 $19) 30... Qg3+ 31. Kh1 $17) 29. Bg5 Rxf3 30. Re8+ (30. Bxd8 {is a self mate.} Qh3+ 31. Kg1 Rg3+ 32. Kf2 Qh2+) 30... Rxe8 31. Qxe8+ Kg7 32. Qe7+ Kg8 33. Qe6+ Kg7 34. Qe7+ Kg8 {[%emt 0:00:35] ( -> ...Qh3+)} 35. Qe6+ Kg7 36. Qe7+ $1 {[%emt 0:00:11] An exciting game.   Weighted Error Value: White=0.16 (very precise) /Black=0.16 (very precise)} 1/2-1/2

[Event "Polish Youth G18 Championship 2023"]
[Site "Jastrzebia Gora"]
[Date "2023.03.13"]
[Round "3.3"]
[White "Skolska, Emilia"]
[Black "Kucharska, Helena"]
[Result "1-0"]
[ECO "C23"]
[WhiteElo "1586"]
[BlackElo "1779"]
[Annotator "NA RC COMBH"]
[PlyCount "81"]
[EventDate "2023.03.11"]
[EventType "swiss"]
[EventCountry "POL"]
[SourceTitle "playchess.com"]
[Source "ChessBase"]
[SourceQuality "1"]
[TimeControl "40/5400+30:1800+30"]

1. e4 e5 2. Bc4 Bc5 3. Nc3 Nf6 4. d3 a6 5. a4 h6 6. f4 d6 7. Nf3 Bg4 8. fxe5 dxe5 9. Bxf7+ Ke7 10. Bd5 c6 11. Bb3 Rf8 12. Qe2 Bxf3 13. Qxf3 Nh7 14. Qg4 Kd6 15. Qxg7 Qh4+ 16. g3 Bf2+ 17. Kd1 Qh5+ 18. g4 Qh3 19. Qxh6+ Qxh6 20. Bxh6 Re8 21. Ke2 Bh4 22. Rag1 Ng5 23. Bxg5 Bxg5 24. h4 Bf4 25. g5 Nd7 26. h5 Nf8 27. h6 Ne6 28. Bxe6 Kxe6 29. g6 Kf6 30. Rh5 Bxh6 31. Rxh6 Rg8 32. g7+ Kf7 33. Rhg6 Rae8 34. Nd1 Re6 35. Rxe6 Kxe6 36. Ne3 Kf6 37. Nf5 b5 38. Rh1 a5 39. Rh8 Kf7 40. Nh6+ Kxg7 41. Rxg8+ 1-0

[Event "Polish Youth G18 Championship 2023"]
[Site "Jastrzebia Gora"]
[Date "2023.03.13"]
[Round "3.4"]
[White "Goraj, Barbara"]
[Black "Lochina, Justyna"]
[Result "1-0"]
[ECO "A05"]
[WhiteElo "2130"]
[BlackElo "1645"]
[Annotator "TA"]
[PlyCount "61"]
[EventDate "2023.03.11"]
[EventType "swiss"]
[EventCountry "POL"]
[SourceTitle "playchess.com"]
[Source "ChessBase"]
[SourceQuality "1"]
[TimeControl "40/5400+30:1800+30"]

1. Nf3 Nf6 2. c4 e6 3. Nc3 d5 4. e3 Be7 5. b3 b6 6. Bb2 Bb7 7. cxd5 exd5 8. d4 Nbd7 9. Bd3 Ne4 10. O-O O-O 11. Rc1 Ndf6 {[%emt 0:13:30] E14: Queen's Indian: Classical Variation (4 e3).} 12. Ne5 Nxc3 13. Rxc3 c5 {[%emt 0:04:26] The position is equal.} (13... Bd6 {is interesting.} 14. Rc1 Ne4 15. Qh5 Qg5) 14. Rc1 Rc8 {[%emt 0:03:47] [#]} 15. Bf5 $146 (15. dxc5 $14 Rxc5 16. Qe2) ({Predecessor:} 15. dxc5 bxc5 16. Nf3 Nd7 17. Qc2 h6 18. Ne5 Nxe5 19. Bxe5 Bd6 20. Bxd6 Qxd6 21. Rcd1 Qe5 22. Bf5 {0-1 Imbert,G (1722)-Percheron,A (1890) Paris-ch op-B 86th 2011 (2)}) 15... Rc7 $11 16. dxc5 Bxc5 (16... bxc5 $11 17. Qe2 Bd6) 17. Qd3 h6 18. Rfd1 {[%emt 0:02:49] White is much more active.} Qe7 19. Nf3 Re8 20. Nd4 Bd6 21. Bh3 Qe4 22. Qd2 {[%emt 0:06:32] Black must now prevent Nf5.} (22. Rxc7 {simplifies} Bxc7 23. Nf5 Qxd3 24. Rxd3 Ba6 25. Rd1) 22... Ng4 {[%emt 0:02:46] [#]} 23. g3 $1 {[%emt 0:02:59] Hoping for Rxc7.} Rec8 {[%emt 0:03:45] This move loses the game for Black.} (23... Qg6 $14) 24. Rxc7 Rxc7 {[%emt 0:01:14] [#]} 25. f3 $1 Qxe3+ 26. Qxe3 ({Wrong is} 26. Kg2 $2 Bb4 27. Qe2 Qxe2+ 28. Nxe2 Ne3+ 29. Kg1 Nxd1 $19) 26... Nxe3 27. Re1 Nc2 28. Re8+ Bf8 29. Nxc2 Rxc2 30. Ba3 d4 $2 (30... Rc5 31. Rd8 g6 32. Bxc5 bxc5) 31. Rxf8+ {[%emt 0:00:13] Weighted Error Value: White=0.12 (very precise) /Black=0.41} 1-0

[Event "Polish Youth G18 Championship 2023"]
[Site "Jastrzebia Gora"]
[Date "2023.03.13"]
[Round "3.5"]
[White "Hertlein, Irena"]
[Black "Uliasz, Katarzyna"]
[Result "1-0"]
[ECO "E69"]
[WhiteElo "1994"]
[BlackElo "1670"]
[Annotator "TA"]
[PlyCount "83"]
[EventDate "2023.03.11"]
[EventType "swiss"]
[EventCountry "POL"]
[SourceTitle "playchess.com"]
[Source "ChessBase"]
[SourceQuality "1"]
[TimeControl "40/5400+30:1800+30"]

1. d4 Nf6 2. c4 g6 3. Nf3 Bg7 4. g3 O-O 5. Bg2 d6 6. O-O Nbd7 7. Nc3 e5 8. e4 c6 9. h3 a5 10. Be3 Re8 11. d5 {[%emt 0:01:10] E69: King's Indian: Fianchetto: 6...Nbd7 7 0-0 e5 8 e4 c6 9 h3.} cxd5 12. cxd5 b6 {[%emt 0:10:17] [#]} 13. a3 $146 {[%emt 0:15:16] White is slightly better.} ({Predecessor:} 13. Re1 Nc5 14. Bxc5 bxc5 15. a4 Rb8 16. Nb5 Ba6 17. Bf1 Nh5 18. Nd2 Bxb5 19. axb5 {1-0 Quispe Arteaga,G (2197)-Gomez Gonzalez,J (1692) Madrid Chamartin op 6th 2017 (1)}) 13... Nc5 14. Bg5 (14. Nd2 $5 ) 14... Ba6 15. Re1 (15. Nd2 $5) 15... h6 (15... Nd3 $11) 16. Bxf6 $14 Bxf6 17. b4 Nd3 18. Re3 {[%emt 0:05:55] [#] b5 is the strong threat.} Nb2 (18... Nf4 $1 $11) 19. Qb3 Nc4 20. Ree1 $1 {[%emt 0:00:30] aiming for b5.} axb4 21. axb4 {[%emt 0:00:18][%cal Oa1a6] Threatens to win with Rxa6!} b5 22. Ra2 {[%emt 0:05:50] White is more active.} Qd7 23. Rea1 Qb7 24. Nd2 (24. h4 $16) 24... Nxd2 $1 25. Rxd2 Qb6 {[%emt 0:00:44] Black is now going downhill.} ({Better is} 25... Bd8 $14) 26. Rda2 $16 Bg7 (26... h5 $16 {keeps fighting.} 27. Nxb5 Qxb5) 27. Bf1 $18 {[%emt 0:02:26][%cal Bg2f1,Bf1b5,Bb5c6][%mdl 32] Black must now prevent Bxb5!} Bb7 28. Rxa8 ({Less strong is} 28. Bxb5 Rxa2 29. Rxa2 Rd8 $16) 28... Bxa8 {[%emt 0:00:30] Black is weak on the light squares} 29. Bxb5 Rc8 30. Ra6 Qc7 (30... Qd4) 31. Bc6 Qd8 32. b5 f5 33. b6 {[%emt 0:02:16] Strongly threatening Rxa8.} fxe4 34. Rxa8 {[%emt 0:01:15] Intending b7 and mate.} Rxa8 35. Bxa8 {[%emt 0:00:03][%cal Oc3e4] White wants to mate with Nxe4!} Qxa8 {[%emt 0:00:06][%mdl 4096] Endgame KQB-KQN} 36. b7 {[%emt 0:00:22] White mates.} Qb8 37. Nxe4 Kf7 38. Qb6 Ke8 39. Qc6+ Kd8 40. Nxd6 Bf8 41. Nf7+ {[%emt 0:01:19][%mdl 64] [#] Discovered Attack} Ke7 42. Qe6# {[%emt 0:00:06] Weighted Error Value: White=0.10 (very precise) /Black=0.35} 1-0

[Event "Polish Youth G18 Championship 2023"]
[Site "Jastrzebia Gora"]
[Date "2023.03.13"]
[Round "3.6"]
[White "Krzyzosiak, Marta"]
[Black "Barwinska, Ewa"]
[Result "0-1"]
[ECO "A06"]
[WhiteElo "1778"]
[BlackElo "1963"]
[Annotator "TA"]
[PlyCount "80"]
[EventDate "2023.03.11"]
[EventType "swiss"]
[EventCountry "POL"]
[SourceTitle "playchess.com"]
[Source "ChessBase"]
[SourceQuality "1"]
[TimeControl "40/5400+30:1800+30"]

1. Nf3 d5 2. g3 Nf6 3. Bg2 c5 4. d3 Nc6 5. O-O e5 6. e4 Be7 7. Nc3 {[%emt 0:01:06] A08: King's Indian Attack.} Be6 (7... d4 $5 8. Nd5 Nxd5 9. exd5 Qxd5 $11) 8. exd5 (8. Ng5 $11) 8... Nxd5 $15 9. Nxd5 {[%emt 0:02:56] Black is slightly better.} Bxd5 10. Re1 f6 {[%emt 0:02:45] [#]} 11. b3 $146 ({Predecessor:} 11. Be3 O-O 12. Bd2 Qd7 13. a4 Rad8 14. Bc3 Rfe8 15. Nd2 Bf7 16. a5 Nb4 17. Bxb4 cxb4 {0-1 Murzin,V (2270)-Usmanov,V (2463) Chigorin Memorial 25th 2017 (3)}) 11... O-O 12. Bb2 Qd7 13. Qd2 Rac8 14. Rad1 Rc7 15. Qe2 Nd4 16. Nxd4 cxd4 17. Bxd5+ (17. f4 $15 {might be stronger.}) 17... Qxd5 $17 18. Qd2 Rfc8 $36 {[%emt 0:01:51][%mdl 2048] Black is really pushing. Black has more active pieces.} 19. Rc1 a5 {[%emt 0:06:57] White must now prevent ...Bb4.} 20. c3 {[%emt 0:09:10][%mdl 8192] Dodges Bb4. This costs White the game.} (20. Re2 $17) 20... dxc3 $19 {[%emt 0:02:52][%mdl 64] Deflection} 21. Bxc3 Ba3 22. Bb2 {[%emt 0:06:46] [#]} Bb4 23. Qe3 Bxe1 24. Rxe1 Rc2 25. Re2 b5 26. f4 Rxe2 27. Qxe2 exf4 28. gxf4 {[%emt 0:01:50][%mdl 4096] Endgame KQR-KQB} Qc5+ 29. d4 Qd5 (29... Qc2 $142 30. Qxc2 Rxc2) 30. h4 Kf7 (30... Qf5 $142 31. Kf1 Qb1+ 32. Qe1 Qd3+ 33. Qe2 Qxe2+ {[%mdl 64] Remove Defender} 34. Kxe2 Rc2+ 35. Kd3 Rxb2) 31. h5 Re8 32. Qg4 Qe6 (32... Qe4 $142 33. Qd1 Qxf4) 33. Qxe6+ Kxe6 {[%emt 0:01:02] KR-KB} 34. a4 b4 35. Kf2 Rc8 36. d5+ Kxd5 {[%emt 0:00:58] ( -> ...Rc2+)} 37. h6 gxh6 {[%emt 0:01:11] Black mates.} 38. Bxf6 Ke4 39. Be5 Rc2+ 40. Kg3 {[%emt 0:00:00] [#]} Rc3+ $1 {[%emt 0:00:00][%mdl 64] Double Attack.   Weighted Error Value: White=1.52/Black=0.58} 0-1

[Event "Polish Youth G18 Championship 2023"]
[Site "Jastrzebia Gora"]
[Date "2023.03.13"]
[Round "3.7"]
[White "Labedz, Gabriela"]
[Black "Kaznowska, Kinga"]
[Result "1-0"]
[ECO "C22"]
[WhiteElo "1425"]
[BlackElo "1352"]
[Annotator "NA RC COMBH"]
[PlyCount "47"]
[EventDate "2023.03.11"]
[EventType "swiss"]
[EventCountry "POL"]
[SourceTitle "playchess.com"]
[Source "ChessBase"]
[SourceQuality "1"]
[TimeControl "40/5400+30:1800+30"]

1. e4 e5 2. d4 exd4 3. Qxd4 Nc6 4. Qe3 Nge7 5. Nc3 Ng6 6. Bd2 Bb4 7. O-O-O O-O 8. f4 d6 9. f5 Nge5 10. Qg3 Kh8 11. Nf3 h6 12. Qh3 Kg8 13. g4 Nxf3 14. Qxf3 Ne5 15. Qg3 f6 16. h4 Bxc3 17. Bxc3 Re8 18. g5 hxg5 19. hxg5 Kf7 20. Rh7 Bxf5 21. exf5 fxg5 22. Bxe5 Rxe5 23. Bc4+ Kf6 24. Be6 1-0

[Event "Polish Youth G18 Championship 2023"]
[Site "Jastrzebia Gora"]
[Date "2023.03.13"]
[Round "3.8"]
[White "Bukala, Weronika"]
[Black "Dallemura, Anna"]
[Result "1-0"]
[ECO "C77"]
[WhiteElo "1899"]
[BlackElo "1496"]
[Annotator "NA RC COMBH"]
[PlyCount "65"]
[EventDate "2023.03.11"]
[EventType "swiss"]
[EventCountry "POL"]
[SourceTitle "playchess.com"]
[Source "ChessBase"]
[SourceQuality "1"]
[TimeControl "40/5400+30:1800+30"]

1. e4 e5 2. Nf3 Nc6 3. Bb5 a6 4. Ba4 Nf6 5. d3 b5 6. Bb3 Be7 7. O-O d6 8. c3 O-O 9. Nbd2 h6 10. Re1 Re8 11. Nf1 Bf8 12. h3 Na5 13. Bc2 c5 14. Ng3 Nc6 15. d4 cxd4 16. cxd4 Qc7 17. Be3 Bd7 18. Rc1 Qb7 19. d5 Ne7 20. Nd2 Ng6 21. b4 a5 22. bxa5 Rxa5 23. Bb1 Be7 24. Nb3 Raa8 25. Qd2 Bd8 26. Rc3 Ne7 27. Bxh6 gxh6 28. Qxh6 Ng6 29. Nf5 Bxf5 30. exf5 Qxd5 31. fxg6 fxg6 32. Rg3 Kf7 33. Bxg6+ 1-0

[Event "Polish Youth G18 Championship 2023"]
[Site "Jastrzebia Gora"]
[Date "2023.03.13"]
[Round "3.9"]
[White "Samol, Julia"]
[Black "Nowak, Roksana"]
[Result "0-1"]
[ECO "B90"]
[WhiteElo "1374"]
[BlackElo "1816"]
[Annotator "NA RC COMBH"]
[PlyCount "56"]
[EventDate "2023.03.11"]
[EventType "swiss"]
[EventCountry "POL"]
[SourceTitle "playchess.com"]
[Source "ChessBase"]
[SourceQuality "1"]
[TimeControl "40/5400+30:1800+30"]

1. e4 c5 2. Nf3 d6 3. d4 cxd4 4. Nxd4 Nf6 5. Nc3 a6 6. Be3 e5 7. Nb3 Be6 8. f3 h5 9. Qd2 Nbd7 10. O-O-O Rc8 11. Kb1 Nb6 12. Bxb6 Qxb6 13. Nd5 Bxd5 14. exd5 Be7 15. Be2 O-O 16. Qd3 Qc7 17. Rc1 a5 18. g4 a4 19. Nd2 a3 20. Qxa3 Nxd5 21. h4 Nf4 22. Bd3 d5 23. Qb3 Qa5 24. Nf1 Rc6 25. c4 Rb6 26. Qd1 Ra8 27. a4 Nxd3 28. Qxd3 Qxa4 0-1

[Event "Polish Youth G18 Championship 2023"]
[Site "Jastrzebia Gora"]
[Date "2023.03.13"]
[Round "3.10"]
[White "Lukasik, Zuzanna"]
[Black "Szczotka, Matylda"]
[Result "1/2-1/2"]
[ECO "C54"]
[WhiteElo "1781"]
[BlackElo "1451"]
[Annotator "NA RC COMBH"]
[PlyCount "100"]
[EventDate "2023.03.11"]
[EventType "swiss"]
[EventCountry "POL"]
[SourceTitle "playchess.com"]
[Source "ChessBase"]
[SourceQuality "1"]
[TimeControl "40/5400+30:1800+30"]

1. e4 e5 2. Nf3 Nc6 3. Bc4 Bc5 4. c3 Nf6 5. d3 d6 6. a4 a5 7. O-O O-O 8. h3 h6 9. Re1 Re8 10. Nbd2 Bb6 11. Nf1 Ne7 12. Qb3 Rf8 13. Qc2 Ng6 14. Ng3 Nh7 15. Be3 Bxe3 16. Rxe3 Nf4 17. d4 Qf6 18. Rd1 Ng5 19. Nxg5 Qxg5 20. Kh2 Kh8 21. Rg1 Be6 22. d5 Bd7 23. b3 h5 24. Ne2 f5 25. Nxf4 exf4 26. Rf3 fxe4 27. Qxe4 Bg4 28. Bd3 Qh6 29. Qe7 Qf6 30. Qxc7 Bxf3 31. gxf3 Rac8 32. Qxb7 Rxc3 33. Be4 Qd4 34. Rg2 Rcc8 35. Qa6 Qb4 36. Qa7 Qc3 37. Rg5 Qc7 38. Rxh5+ Kg8 39. Qd4 Rf6 40. Bh7+ Kf8 41. Kg2 Qc5 42. Qd3 Qc3 43. Qb5 g6 44. Rg5 Qc2 45. h4 Rc7 46. Qb8+ Rc8 47. Qb5 Rc7 48. Qb8+ Rc8 49. Qb5 Rc7 50. Qb8+ Kg7 1/2-1/2

[Event "Polish Youth G18 Championship 2023"]
[Site "Jastrzebia Gora"]
[Date "2023.03.13"]
[Round "3.11"]
[White "Arciszewska, Zuzanna"]
[Black "Pietrzak, Emilia"]
[Result "1-0"]
[ECO "D58"]
[WhiteElo "1750"]
[BlackElo "1424"]
[Annotator "NA RC COMBH"]
[PlyCount "75"]
[EventDate "2023.03.11"]
[EventType "swiss"]
[EventCountry "POL"]
[SourceTitle "playchess.com"]
[Source "ChessBase"]
[SourceQuality "1"]
[TimeControl "40/5400+30:1800+30"]

1. d4 d5 2. Nf3 Nf6 3. c4 e6 4. Nc3 Be7 5. Bg5 O-O 6. e3 h6 7. Bh4 b6 8. Bd3 Bb7 9. Rc1 c5 10. cxd5 exd5 11. O-O Nbd7 12. Qe2 Ne4 13. Bxe7 Qxe7 14. dxc5 Ndxc5 15. Bxe4 dxe4 16. Nd4 Ba6 17. Ncb5 Qe5 18. Rc3 Rac8 19. Ra3 Qe8 20. b4 Bxb5 21. Nxb5 Nb7 22. Rxa7 Qc6 23. Nd4 Qd5 24. Qa6 Rc7 25. Qxb6 Rfc8 26. Qb5 Rd8 27. Qxd5 Rxd5 28. a4 Rdd7 29. a5 Nd6 30. Rxc7 Rxc7 31. b5 Ra7 32. Ra1 Nc4 33. a6 Kh7 34. Nc6 Ra8 35. g3 Kg6 36. a7 Nd6 37. b6 Kh7 38. Rd1 1-0

[Event "Polish Youth G18 Championship 2023"]
[Site "Jastrzebia Gora"]
[Date "2023.03.13"]
[Round "3.12"]
[White "Bugaj, Hanna"]
[Black "Bychowska, Marta"]
[Result "1/2-1/2"]
[ECO "D35"]
[WhiteElo "1639"]
[BlackElo "1388"]
[Annotator "NA RC COMBH"]
[PlyCount "83"]
[EventDate "2023.03.11"]
[EventType "swiss"]
[EventCountry "POL"]
[SourceTitle "playchess.com"]
[Source "ChessBase"]
[SourceQuality "1"]
[TimeControl "40/5400+30:1800+30"]

1. d4 d5 2. c4 e6 3. Nc3 Nf6 4. cxd5 exd5 5. Bg5 Be7 6. e3 h6 7. Bf4 Bf5 8. h3 c6 9. Bd3 Bxd3 10. Qxd3 Bd6 11. Bxd6 Qxd6 12. Nf3 Nbd7 13. a3 Nb6 14. Nd2 O-O 15. O-O Rfe8 16. b4 a6 17. Rfb1 Qe6 18. a4 Nc4 19. b5 axb5 20. axb5 Nxd2 21. Qxd2 Ne4 22. Nxe4 Qxe4 23. bxc6 bxc6 24. Qc3 Rec8 25. Rc1 Rxa1 26. Rxa1 Qe7 27. Ra5 Qd6 28. Qc5 Qxc5 29. Rxc5 Kf8 30. f3 Ke7 31. Kf2 Kd6 32. e4 dxe4 33. fxe4 f6 34. Kf3 Ra8 35. Rc3 Ra4 36. Rd3 Ra5 37. Kf4 Ke6 38. Rc3 Kd6 39. g3 h5 40. Rb3 g5+ 41. Kf3 Ra4 42. Rd3 1/2-1/2

[Event "Polish Youth G18 Championship 2023"]
[Site "Jastrzebia Gora"]
[Date "2023.03.13"]
[Round "3.13"]
[White "Bialek, Alicja"]
[Black "Bartoszek, Julia"]
[Result "1/2-1/2"]
[ECO "B50"]
[WhiteElo "1576"]
[BlackElo "1344"]
[Annotator "NA RC COMBH"]
[PlyCount "62"]
[EventDate "2023.03.11"]
[EventType "swiss"]
[EventCountry "POL"]
[SourceTitle "playchess.com"]
[Source "ChessBase"]
[SourceQuality "1"]
[TimeControl "40/5400+30:1800+30"]

1. e4 c5 2. Nf3 d6 3. c3 Nf6 4. Be2 e6 5. e5 dxe5 6. Nxe5 Qc7 7. d4 Bd6 8. Bb5+ Nbd7 9. Nxd7 Bxd7 10. Bxd7+ Qxd7 11. dxc5 Bxc5 12. Qe2 O-O 13. O-O Rfd8 14. Bg5 Be7 15. c4 h6 16. Be3 b6 17. Nc3 Rac8 18. Nb5 Qb7 19. Rac1 a6 20. Nc3 Bc5 21. Na4 Bxe3 22. Qxe3 b5 23. Nb6 Ng4 24. Qf3 Qxb6 25. Qxg4 bxc4 26. Rxc4 Qxb2 27. Rxc8 Rxc8 28. Qa4 Qb5 29. Qe4 Qc6 30. Qd3 Qa4 31. a3 Qa5 1/2-1/2

[Event "Polish Youth G18 Championship 2023"]
[Site "Jastrzebia Gora"]
[Date "2023.03.13"]
[Round "3.14"]
[White "Gaczol, Julia"]
[Black "Krzyzosiak, Anna"]
[Result "1-0"]
[ECO "B90"]
[WhiteElo "1419"]
[BlackElo "1503"]
[Annotator "NA RC COMBH"]
[PlyCount "63"]
[EventDate "2023.03.11"]
[EventType "swiss"]
[EventCountry "POL"]
[SourceTitle "playchess.com"]
[Source "ChessBase"]
[SourceQuality "1"]
[TimeControl "40/5400+30:1800+30"]

1. e4 c5 2. Nf3 d6 3. d4 cxd4 4. Nxd4 Nf6 5. Nc3 a6 6. Nb3 e5 7. Bg5 Be7 8. Bxf6 Bxf6 9. Qd3 Be6 10. O-O-O Be7 11. Nd5 Bxd5 12. Qxd5 Nc6 13. Kb1 Qc7 14. g3 O-O 15. f4 a5 16. a4 Nb4 17. Qc4 Qb6 18. c3 Rfc8 19. Qb5 Qe3 20. Qe2 Qxe2 21. Bxe2 Nc6 22. Rd5 exf4 23. gxf4 b6 24. Rb5 Rab8 25. Nd2 Bh4 26. Nc4 Rd8 27. Rxb6 Rxb6 28. Nxb6 Bf2 29. Nd5 Re8 30. Bb5 Rc8 31. Bxc6 Kf8 32. Bb5 1-0